 Dungeon Crawl Stone Soup version 0.29.1-1-gd02db6906a (webtiles) character file.

Game seed: 10060873453270545701

18 Icepheonix32 the Caller (level 2, -2/19 HPs)
             Began as a Merfolk Summoner on Oct 9, 2022.
             Slain by a goblin
             ... wielding a +0 dagger
              (3 damage)
             ... on level 2 of the Dungeon.
             The game lasted 00:01:28 (1161 turns).

Icepheonix32 the Caller (Merfolk Summoner)          Turns: 1161, Time: 00:01:29

Health: -2/19      AC:  3    Str:  6 (8)  XL:     2   Next: 70%
Magic:  5/5        EV: 12    Int: 13 (14) God:
Gold:   59         SH:  0    Dex: 11 (14) Spells: 4/5 levels left

rFire   . . .      SeeInvis .   k - +2 short sword (venom)
rCold   . . .      Faith    .   (no shield)
rNeg    . . .      Spirit   .   a - +0 robe
rPois   .          Reflect  .   (no helmet)
rElec   .          Harm     .   (no cloak)
rCorr   .          Rampage  .   (no gloves)
Will    .....                   i - +0 pair of boots
Stlth   ++........              (no amulet)
HPRegen 0.06/turn               (no ring)
MPRegen 0.09/turn               (no ring)

@: no status effects
A: (nimble swimmer 2), mertail
a: no special abilities


You were on level 2 of the Dungeon.
You visited 1 branch of the dungeon, and saw 2 of its levels.

You collected 59 gold pieces.

Inventory:

Hand Weapons
 e - a +0 dagger
 h - a +0 mace of protection
 k - a +2 short sword of venom (weapon)
Armour
 a - a +0 robe (worn)
 i - a +0 pair of boots (worn)
Scrolls
 d - a scroll of poison
 g - a scroll of torment {unknown}
 j - a scroll of teleportation {unknown}
 l - a scroll of amnesia {unknown}
 m - a scroll of identify {unknown}
Potions
 b - a potion of magic
 c - a potion of degeneration
 f - a potion of attraction {unknown}
 n - a potion of lignification {unknown}


   Skills:
 - Level 2.6 Dodging
 - Level 2.1 Stealth
 - Level 2.0 Spellcasting
 + Level 4.7 Summonings


You had 4 spell levels left.
You knew the following spells:

 Your Spells              Type           Power      Damage    Failure   Level
a - Summon Small Mammal   Summ           52%        N/A       3%          1

Your spell library contained the following spells:

 Spells                   Type           Power      Damage    Failure   Level
 Call Imp                 Summ           13%        N/A       5%          2
 Call Canine Familiar     Summ           13%        N/A       11%         3
 Summon Guardian Golem    Hex/Summ       7%         N/A       28%         3
 Summon Lightning Spire   Summ/Air       7%         N/A       67%         4


Dungeon Overview and Level Annotations

Branches:
Dungeon (2/15)

Altars:

Annotations:
D:2 Ijyb


Innate Abilities, Weirdness & Mutations

((You are very nimble when in or above water. (Stealth+, EV+, Speed+++)))
Your lower body shifts to a powerful aquatic tail in water.


Message History

Ijyb screams, "Level is mine!
All mine!"
The goblin hits you but does no damage.
You barely miss the goblin. The goblin hits you with a +0 club.
The goblin hits you with a +0 dagger.
You hit the goblin.
The goblin is poisoned.
The goblin is moderately wounded.
The goblin hits you but does no damage. The goblin hits you with a +0 club.
You hit the goblin.
The goblin looks even sicker.
Your punch misses the goblin.
The goblin is severely wounded.
You kill the goblin!
The goblin hits you but does no damage. The goblin closely misses you.
The goblin hits you with a +0 club.
You closely miss Ijyb. The goblin barely misses you.
The goblin closely misses you.
You hit Ijyb but do no damage.
Ijyb is poisoned.
The goblin hits you but does no damage. Ijyb hits you with a +0 dagger.
The goblin hits you with a +0 dagger.
* * * LOW HITPOINT WARNING * * *
The goblin barely misses you. The goblin hits you but does no damage.
You are too injured to fight recklessly!
You are too injured to fight recklessly!
You are too injured to fight recklessly!
You are too injured to fight recklessly!
You are too injured to fight recklessly!
Unknown command.
The air fills with toxic fumes!
As you read the scroll labelled GOKENLYTWI, it crumbles to dust.
It was a scroll of poison.
The goblin hits you but does no damage. Ijyb hits you with a +0 dagger.
* * * LOW HITPOINT WARNING * * *
The goblin hits you but does no damage. The goblin barely misses you. x2
Unknown command.
It was a potion of degeneration.
There was something very wrong with that liquid.
You feel weakened.
You feel dopey.
You feel clumsy. The goblin hits you with a +0 club.
* * * LOW HITPOINT WARNING * * *
Ijyb screams, "Get away!"
Ijyb closely misses you. The goblin hits you with a +0 dagger.
You die...

###.#.###.##.#######
........#.#§§§......
###.#......§§§.##### #
#.#######.§§#### ###.#
##.§§§§###### ....#
#.#§#§§§§§§# #####
#.#§§§§§§§§# #
##'##8gg§§§8# #
##...#§@g§§§§# ####
##....#8gg§§§8# ...##
##.....#§g§§§§§#
#...####......#8§§§§§8#
.......'......#§§§§§§§#
......##......#8§§§§§8#
##..#.###.....#§§§§§§§#
#..#.# ##....#########
##..#.# ##...# #.#


You could see Ijyb (very poisoned) and 5 goblins.

Vanquished Creatures
  A worm (D:2)
  A bat (D:2)
  3 endoplasms
  2 goblins
  A hobgoblin (D:2)
  A frilled lizard (D:1)
  2 rats
11 creatures vanquished.

Vanquished Creatures (collateral kills)
  A bat (D:1)
  A frilled lizard (D:1)
  A kobold (D:1)
  A rat (D:1)
4 creatures vanquished.

Grand Total: 15 creatures vanquished

Notes
Turn   | Place    | Note
-------+----------+-------------------------------------------
     0 | D:1      | Icepheonix32 the Merfolk Summoner began the quest for the
                  | Orb.
     0 | D:1      | Reached XP level 1. HP: 13/13 MP: 3/3
   239 | D:1      | Found a faded altar of an unknown god.
   477 | D:1      | Reached XP level 2. HP: 13/19 MP: 5/5
  1152 | D:2      | Noticed Ijyb
  1161 | D:2      | Slain by a goblin

Illustrated notes

Levels and vault maps discovered:
D:1:      psy_arrival_fountain, layout_rooms,
          hellmonk_ecumenical_altar_pennies_from_heaven
D:2:      kennysheep_the_goblin_king, layout_loops_corners, serial_shops, shop,
          hex_tiny

Action                   || total
-------------------------++-------
Melee: Mace              ||    21
       Unarmed           ||     4
       Dagger            ||     2
       Short sword       ||    28
 Cast: Summon Small Mamm ||     5
  Use: Scroll            ||     1
       Potion            ||     1
 Stab: Sleeping          ||     3
Armor: Robe              ||    18
Dodge: Dodged            ||    34
